 Dungeon Crawl Stone Soup version 0.16-a0-1132-gad589c6 (webtiles) character file.

588 Kashira the Bolt Thrower (level 7, -2/38 HPs)
             Began as a Tengu Hunter on Oct 7, 2014.
             Was an Initiate of Okawaru.
             Slain by a wight
             ... wielding a +0 falchion
              (9 damage)
             ... on level 5 of the Dungeon.
             The game lasted 00:15:33 (3932 turns).

Kashira the Bolt Thrower (Tengu Hunter)             Turns: 3932, Time: 00:15:34

Health: -2/38      AC:  6    Str: 15      XL:     7   Next: 38%
Magic:  9/9        EV: 11    Int: 11      God:    Okawaru [......]
Gold:   142        SH:  0    Dex: 13 (14) Spells: 0 memorised, 6 levels left

rFire  + . .     SeeInvis .     k - +0 spear
rCold  x . .     Clarity  .     w - +0 ring mail
rNeg   . . .     SustAb   .     (no shield)
rPois  .         Gourm    .     (helmet restricted)
rElec  .         Spirit   .     (no cloak)
rCorr  .         Warding  .     (no gloves)
rMut   .         Stasis   .     (boots unavailable)
MR     .....                    (no amulet)
Stlth  +.........               s - +1 ring of evasion
                                n - ring of fire

@: not resistant to hostile enchantments, very unstealthy
A: able to fly, beak, talons 3
a: Fly, Renounce Religion


You were on level 5 of the Dungeon.
You worshipped Okawaru.
Okawaru was noncommittal.
You were not hungry.

You visited 2 branches of the dungeon, and saw 6 of its levels.

You collected 142 gold pieces.

Inventory:

Hand weapons
 a - a +0 short sword
 b - a +1 hand crossbow
 i - a +0 trident
 k - a +0 spear (weapon)
Missiles
 c - 23 bolts
Armour
 d - a +0 leather armour
 w - a +0 ring mail (worn)
Magical devices
 e - a wand of lightning (0)
Comestibles
 f - 3 bread rations
 t - 13 fruits
Scrolls
 g - 3 scrolls of identify
 m - a scroll of remove curse
Jewellery
 n - a ring of fire (left hand)
 s - a +1 ring of evasion (right hand)
Potions
 j - a potion of restore abilities
 l - a potion of cure mutation
 q - a potion of magic
 r - 2 potions of brilliance


   Skills:
 - Level 1.0 Fighting
 - Level 3.5 Polearms
 - Level 6.1 Crossbows
 + Level 5.9 Armour
 - Level 2.1 Dodging
 - Level 1.0 Stealth


You had 6 spell levels left.
You didn't know any spells.

Dungeon Overview and Level Annotations

Branches:
Dungeon (5/15)             Temple (1/1) D:4

Altars:
Ashenzari
Cheibriados
Elyvilon
Fedhas
Gozag
Kikubaaqudgha
Makhleb
Nemelex Xobeh
Okawaru
Qazlal
Ru
Sif Muna
Trog
Vehumet
Xom
Yredelemnul
Zin
The Shining One


Innate Abilities, Weirdness & Mutations

You can fly.
You have a beak for a mouth.
You have claws for feet.


Message History

Evoke which item? (* to show all) (? for menu, Esc to quit)
Zapping:
e - a wand of lightning {zapped: 4} (will waste charges)
Press: ? - help, Shift-Dir - straight line, f/p - wight
Aim: a wight, wielding a falchion and wearing a robe (lightly damaged)
You hear a mighty clap of thunder!
The bolt of lightning hits the wight.
The wight appears unharmed.
The wight is lightly damaged.
You wasted at least one charge getting the wand working.
The wight hits you with a falchion.
* * * LOW HITPOINT WARNING * * *
Evoke which item? (* to show all) (? for menu, Esc to quit)
Zapping:
e - a wand of lightning {zapped: 6} (will waste charges)
Press: ? - help, Shift-Dir - straight line, f/p - wight
Aim: a wight, wielding a falchion and wearing a robe (lightly damaged)
You hear a mighty clap of thunder!
The bolt of lightning hits the wight.
The wight is severely damaged.
You wasted at least one charge getting the wand working.
The wight hits you with a falchion!
You die...

#.....#
#######.....#
#...z.z.....#
#.###########
#)# #.# #.#
#z# #@#
********#/#
*,,,,,,,S.#
*≈≈,,,,...#
*≈≈,≈,....#
*≈≈≈≈≈≈...#
****#≈≈..r#
*≈≈≈+≈≈...#
*≈∩≈*≈≈≈..#


You could see a wight, a green rat and a ball python.

Vanquished Creatures
  The ghost of Kashira the Quickloader, an average TeHu (D:4)
  A centaur (D:5)
  2 wights (D:5)
  2 hounds
  A quasit (D:5)
  A worker ant (D:5)
  5 adders
  A giant mite (D:2)
  3 worms
  5 giant geckos
  5 orcs
  3 giant cockroaches
  2 hobgoblins (D:1)
  4 jackals (D:2)
  2 oozes (D:2)
  4 bats
  15 giant newts
  11 goblins
  14 kobolds
  A quokka (D:2)
  A quokka skeleton (D:4)
  5 rats
  A plant (D:2)
90 creatures vanquished.

Notes
Turn   | Place    | Note
--------------------------------------------------------------
     0 | D:1      | Kashira, the Tengu Hunter, began the quest for the Orb.
     0 | D:1      | Reached XP level 1. HP: 12/12 MP: 1/1
   357 | D:1      | Reached XP level 2. HP: 16/16 MP: 3/3
   400 | D:1      | Reached skill level 5 in Crossbows
   701 | D:2      | Reached XP level 3. HP: 20/20 MP: 4/4
  1363 | D:2      | Reached skill level 6 in Crossbows
  1363 | D:2      | Reached XP level 4. HP: 25/25 MP: 5/5
  1774 | D:3      | Reached skill level 1 in Polearms
  2429 | D:4      | Reached XP level 5. HP: 22/29 MP: 7/7
  2919 | D:4      | Found a staircase to the Ecumenical Temple.
  2924 | Temple   | Entered the Ecumenical Temple
  3005 | Temple   | Became a worshipper of Warmaster Okawaru
  3220 | D:4      | Noticed Kashira's ghost (average TeHu)
  3229 | D:4      | Killed Kashira's ghost
  3229 | D:4      | Reached XP level 6. HP: 34/34 MP: 8/8
  3437 | D:5      | Entered Level 5 of the Dungeon
  3873 | D:5      | Reached skill level 5 in Armour
  3873 | D:5      | Reached XP level 7. HP: 21/38 MP: 9/9
  3932 | D:5      | Slain by a wight

Action                   |  1- 3 |  4- 6 |  7- 9 || total
-------------------------+-------+-------+-------++-------
Melee: Spear             |    15 |   277 |    14 ||   306
 Fire: Hand crossbow     |    72 |    48 |     1 ||   121
 Abil: Fly               |       |     2 |       ||     2
Evoke: Wand              |       |       |     4 ||     4
  Use: Scroll            |       |    14 |       ||    14
       Potion            |       |     7 |       ||     7
  Eat: Bread ration      |       |     1 |       ||     1
       Chunk             |       |     2 |       ||     2
       Meat ration       |       |     1 |       ||     1
